 Dungeon Crawl Stone Soup version 0.27.1 (webtiles) character file.

Game seed: 7272697786874541515

102 fiver49 the Conjurer (level 4, -6/24 HPs)
             Began as a Tengu Conjurer on Aug 26, 2021.
             Mangled by Grinder (8 damage)
             ... on level 3 of the Dungeon.
             The game lasted 00:03:21 (2177 turns).

fiver49 the Conjurer (Tengu Conjurer)               Turns: 2177, Time: 00:03:22

Health: -6/24      AC:  2    Str:  7    XL:     4   Next: 77%
Magic:  2/10       EV: 12    Int: 20    God:
Gold:   51         SH:  0    Dex: 12    Spells: 6/9 levels left

rFire    . . .     SeeInvis .   o - +1 dagger (drain)
rCold    . . .     Faith    .   (no shield)
rNeg     . . .     Spirit   .   a - +0 robe
rPois    .         Reflect  .   (helmet restricted)
rElec    .         Harm     .   (no cloak)
rCorr    .         Rampage  .   (no gloves)
Will     .....                  (boots unavailable)
Stlth    ++........             (no amulet)
HPRegen  0.08/turn              (no ring)
MPRegen  0.12/turn              (no ring)

@: no status effects
A: beak, talons 3
a: no special abilities


You were on level 3 of the Dungeon.
You visited 1 branch of the dungeon, and saw 3 of its levels.

You collected 51 gold pieces.

Inventory:

Hand Weapons
 d - a +0 dagger
   (You found it on level 1 of the Dungeon)
 o - a +1 dagger of draining (weapon)
   (You found it on level 3 of the Dungeon)
Missiles
 c - 21 poisoned darts (quivered)
 m - 6 javelins
Armour
 a - a +0 robe (worn)
Scrolls
 e - 2 scrolls of identify
 g - a scroll of amnesia {unknown}
 n - a scroll of holy word {unknown}
Potions
 b - 2 potions of flight
 f - a potion of curing {unknown}
 h - a potion of berserk rage {unknown}
 i - a potion of mutation {unknown}
 j - a potion of ambrosia {unknown}
 k - a potion of invisibility {unknown}


   Skills:
 - Level 2.1 Dodging
 - Level 2.0 Stealth
 + Level 3.4 Spellcasting
 + Level 6.7 Conjurations


You had 6 spell levels left.
You knew the following spells:

 Your Spells              Type           Power      Damage    Failure   Level
a - Magic Dart            Conj           100%       1d8       1%          1
b - Searing Ray           Conj           60%        3d5       1%          2

Your spell library contained the following spells:

 Spells                   Type           Power      Damage    Failure   Level
 Dazzling Flash           Conj/Hex       32%        N/A       11%         3
 Corona                   Hex            3%         N/A       14%         1
 Ensorcelled Hibernation  Hex/Ice        6%         N/A       21%         2
 Fulminant Prism          Conj/Hex       8%         3d7       34%         4
 Iskenderun's Mystic Bla  Conj/Tloc      16%        2d5       34%         4
 Tukima's Dance           Hex            3%         N/A       38%         3


Dungeon Overview and Level Annotations

Branches:
Dungeon (3/15)

Altars:
Okawaru

Annotations:
D:3 Grinder


Innate Abilities, Weirdness & Mutations

You have a beak for a mouth.
You have claws for feet.


Message History

The searing ray hits the jackal!
You kill the jackal! (Press . to maintain the ray.)
The dart slug launches a dart at you. The slug dart misses you.
A dart slug is nearby!
The searing ray hits the dart slug!
You kill the dart slug!
e - 4 scrolls labelled JAUXTA VAODEKA (gained 1)
You see here 6 javelins.
m - 6 javelins You see here a hobgoblin corpse.
Found 10 gold pieces.
Found a scroll labelled BAURUH UKILEUHIASS.
You now have 51 gold pieces (gained 10).
n - a scroll labelled BAURUH UKILEUHIASS Done exploring.
Done exploring.
Done exploring.
Done exploring.
There is a stone staircase leading down here.
As you read the scroll labelled JAUXTA VAODEKA, it crumbles to dust.
It is a scroll of identify.
b - 2 potions of flight
As you read the scroll of identify, it crumbles to dust.
l - 2 potions of degeneration Drop what? 14/52 slots (_ for help) (? for menu, Esc to quit)
You drop 2 potions of degeneration.
You climb downwards.
Found a runed dagger.
There is a stone staircase leading up here.
You see here a +1 dagger of draining.
You sense an unholy aura.
o - a +1 dagger of draining (weapon)
Found a stone staircase leading down.
A giant cockroach comes into view.
Casting: Searing Ray (safe; 1% risk of failure)
Confirm with . or Enter, or press ? or * to list all spells.
Aiming: Magic Dart (safe; 1% risk of failure)
Press: ? - help, Shift-Dir - straight line, f - giant cockroach
Aim: a giant cockroach (asleep, 100% to hit)
The magic dart hits the giant cockroach.
The giant cockroach is heavily wounded.
Casting: Magic Dart (safe; 1% risk of failure)
Confirm with . or Enter, or press ? or * to list all spells.
Aiming: Searing Ray (safe; 1% risk of failure)
Press: ? - help, Shift-Dir - straight line, f/p - giant cockroach
Aim: a giant cockroach (heavily wounded, 79% to hit)
The searing ray hits the giant cockroach!
You kill the giant cockroach! (Press . to maintain the ray.) Magic restored.
Grinder comes into view.
Grinder shouts!
You hear a shout!
A giant cockroach comes into view.
Casting: Searing Ray (safe; 1% risk of failure)
Confirm with . or Enter, or press ? or * to list all spells.
You can't see any susceptible monsters within range! (Use Z to cast anyway.)
Casting: Searing Ray (safe; 1% risk of failure)
Confirm with . or Enter, or press ? or * to list all spells.
Aiming: Magic Dart (safe; 1% risk of failure)
Press: ? - help, Shift-Dir - straight line, f - Grinder
Aim: Grinder (100% to hit)
The magic dart hits Grinder!
Grinder is moderately wounded.
Grinder blinks!
Casting: Magic Dart (safe; 1% risk of failure)
Confirm with . or Enter, or press ? or * to list all spells.
Aiming: Searing Ray (safe; 1% risk of failure)
Press: ? - help, Shift-Dir - straight line, f - giant cockroach, p - Grinder
Aim: a giant cockroach (79% to hit)
The searing ray hits Grinder!
Grinder is moderately wounded.
The searing ray hits the giant cockroach!
You kill the giant cockroach! (Press . to maintain the ray.) Grinder hits you but does no damage.
The searing ray misses Grinder.
Grinder completely misses you.
The searing ray hits Grinder.
Grinder is heavily wounded.
Grinder gestures at you. Pain shoots through your body!
The searing ray hits Grinder.
Grinder is severely wounded.
You finish channeling your searing ray.
Grinder hits you!
* * * LOW HITPOINT WARNING * * *
You writhe in agony.
* * * LOW HITPOINT WARNING * * *
Casting: Searing Ray (safe; 1% risk of failure)
Confirm with . or Enter, or press ? or * to list all spells.
Aiming: Searing Ray (safe; 1% risk of failure)
Press: ? - help, Shift-Dir - straight line, f - Grinder
Aim: Grinder (severely wounded, 77% to hit)
The searing ray hits Grinder.
Grinder is severely wounded. (Press . to maintain the ray.) Grinder barely misses you.
The searing ray misses Grinder.
Grinder hits you!
You die...

####.P.##.###.....
#..............#######
#.###...##............
#.♣.######..######
#.♣.........#
>.♣...#####.#
#..♣...#####.###### #.
...............#
...######@####.#
..###.##5# .......#.#
#.....†# #........#
.......###.# .#....#
#.# ...... .# .#.... .


You could see Grinder.

Vanquished Creatures
  Jessica (D:2)
  2 adders (D:2)
  3 dart slugs
  5 endoplasms (D:1)
  5 giant cockroaches
  4 goblins
  3 hobgoblins (D:2)
  A jackal (D:2)
  5 kobolds
  3 quokkas (D:2)
  3 ball pythons
  7 bats
  2 frilled lizards
  7 rats
51 creatures vanquished.

Vanquished Creatures (others)
  3 plants (D:3)
3 creatures vanquished.

Grand Total: 54 creatures vanquished

Notes
Turn   | Place    | Note
-------+----------+-------------------------------------------
     0 | D:1      | fiver49 the Tengu Conjurer began the quest for the Orb.
     0 | D:1      | Reached XP level 1. HP: 10/10 MP: 4/4
   213 | D:1      | Reached XP level 2. HP: 15/15 MP: 3/6
   730 | D:1      | Reached XP level 3. HP: 19/19 MP: 5/7
   763 | D:1      | Learned a level 2 spell: Searing Ray
  1006 | D:1      | Reached skill level 6 in Conjurations
  1247 | D:2      | Noticed Jessica
  1251 | D:2      | Killed Jessica
  1252 | D:2      | Reached skill level 3 in Spellcasting
  1305 | D:2      | Reached XP level 4. HP: 22/24 MP: 5/9
  1455 | D:2      | Found an iron altar of Okawaru.
  1473 | D:2      | Found a faded altar of an unknown god.
  2148 | D:3      | Noticed Grinder
  2175 | D:3      | HP: 3/24 [Grinder (10)]
  2177 | D:3      | Mangled by Grinder

Illustrated notes

Levels and vault maps discovered:
D:1:      elethiomel_arrival_diamonds, layout_loops_ring
D:2:      minmay_evil_eye, layout_rooms, ebering_ecumenical_altar_ruins,
          basic_altar, uniq_jessica
D:3:      layout_loops_ring, mainiacjoe_overflow_boulevard,
          corexii_hall_statues_i, chequers_serial_rivers_room_a, uniq_grinder

Skill      XL: |  1  2  3 |
---------------+----------+-----
Conjurations   | 6 |  6.7
Spellcasting   | 3 |  3.4
Dodging        | |  2.1
Stealth        | |  2.0

Action                   |  1- 3 |  4- 6 || total
-------------------------+-------+-------++-------
Melee: Dagger            |       |     1 ||     1
 Cast: Magic Dart        |    38 |    12 ||    50
       Searing Ray       |     3 |    13 ||    16
  Use: Scroll            |       |     2 ||     2
 Stab: Sleeping          |       |     1 ||     1
Armor: Robe              |       |     1 ||     1
Dodge: Dodged            |       |     3 ||     3

Table legend: (Time is in decaauts)
 A = Elapsed time spent in this place.
 B = Non-inter-level travel time spent in this place.
 C = Inter-level travel time spent in this place.
 D = Time resting spent in this place.
 E = Time spent auto-exploring this place.
 F = Levels seen in this place.
 G = Mean time per level.
                   A        B        C        D        E       F      G
               +--------+--------+--------+--------+--------+-----+--------+
         Total |   2175 |   2128 |     47 |      0 |   1882 |   3 |  725.0 |
       Dungeon |   2175 |   2128 |     47 |      0 |   1882 |   3 |  725.0 |
               +--------+--------+--------+--------+--------+-----+--------+

Top non-repeatable levels by time:
     D:1: 1227 daAuts
     D:2: 868 daAuts
     D:3: 79 daAuts

Table legend:
 A = Kills in this place as a percentage of kills in entire the game.
 B = Kills by you in this place as a percentage of kills by you in the entire game.
 C = Kills by friends in this place as a percentage of kills by friends in the entire game.
 D = Other kills in this place as a percentage of other kills in the entire game.
 E = Experience gained in this place as a percentage of experience gained in the entire game.
 F = Experience gained in this place divided by the number of levels of this place that you have seen.
                   A       B       C       D       E      F
               +-------+-------+-------+-------+-------+----------------------
         Total | 100.0 | 100.0 |   N/A |   N/A | 100.0 |  48.7
       Dungeon | 100.0 | 100.0 |   N/A |   N/A | 100.0 |  48.7
               +-------+-------+-------+-------+-------+----------------------
